 Dungeon Crawl Stone Soup version 0.18-a0-1773-gec4f98e (webtiles) character file.

155 George the Skirmisher (level 5, -7/47 HPs)
             Began as a Hill Orc Fighter on Apr 14, 2016.
             Killed by divine providence
             ... invoked by an orc priest
              (15 damage)
             ... on level 3 of the Dungeon.
             The game lasted 00:03:52 (1975 turns).

George the Skirmisher (Hill Orc Fighter)            Turns: 1975, Time: 00:03:52

Health: -7/47      AC:  9    Str: 20    XL:     5   Next: 37%
Magic:  5/5        EV: 11    Int:  8    God:
Gold:   128        SH:  9    Dex: 10    Spells: 0 memorised, 4 levels left

rFire  . . .     SeeInvis .     a - +0 war axe
rCold  . . .     Gourm    .     j - +0 chain mail
rNeg   . . .     Faith    .     c - +0 shield
rPois  .         Spirit   .     (no helmet)
rElec  .         Dismiss  .     (no cloak)
rCorr  .         Reflect  .     (no gloves)
SustAt .         Harm     .     (no boots)
MR     .....                    (no amulet)
Stlth  ..........               (no ring)
                                u - +6 ring of evasion

@: not resistant to hostile enchantments, extremely unstealthy
A: no striking features
a: Convert to Beogh


You were on level 3 of the Dungeon.
You were not hungry.

You visited 1 branch of the dungeon, and saw 3 of its levels.

You collected 128 gold pieces.

Inventory:

Hand Weapons
 a - a +0 war axe (weapon)
Armour
 c - a +0 shield (worn)
 j - a +0 chain mail (worn)
Jewellery
 u - a +6 ring of evasion (left hand)
Scrolls
 g - 5 scrolls of identify {unknown}
 h - a scroll of magic mapping {unknown}
 m - 2 scrolls of fog {unknown}
 n - a scroll of amnesia {unknown}
Potions
 d - a potion of might
 i - a potion of lignification {unknown}
 l - a potion of curing {unknown}
 p - a potion of haste {unknown}
 q - a potion of cancellation {unknown}
 s - a potion of brilliance {unknown}
Comestibles
 f - 2 bread rations
 k - 3 fruits
 r - 2 slices of pizza
 t - a beef jerky


   Skills:
 + Level 4.8 Fighting
 + Level 4.3 Axes
 + Level 4.2 Armour
 + Level 4.0 Shields


You had 4 spell levels left.
You didn't know any spells.

Dungeon Overview and Level Annotations

Branches:
Dungeon (3/15)

Altars:
Fedhas
Gozag
Pakellas
Ru
Xom

Annotations:
D:3 dig


Message History

The orc priest is lightly wounded.
The orc priest barely misses you.
The orc priest hits you but does no damage.
You closely miss the orc priest.
The orc priest is lightly wounded.
You block the orc priest's attack.
You hit the orc priest but do no damage.
The orc priest is lightly wounded.
The orc priest calls down the wrath of Beogh upon you.
Pain shoots through your body!
* * * LOW HITPOINT WARNING * * *
Your chain mail prevents you from hitting the orc priest.
The orc priest is lightly wounded.
The orc priest shouts, "Beogh is our master!
Accept the truth or die!"
You block the orc priest's attack.
You closely miss the orc priest.
The orc priest is lightly wounded.
The orc priest calls down the wrath of Beogh upon you.
Beogh smites you!
You die... #.........## ####........(.# .##..(..........# # ....)...†......# #. #.............# ##o #.###.........# .oo

#.#!#........##
#.##.###.......##
#).#@....#######
#..o#.####
#......#.#
#........#
........###
##......#
########


You could see an orc priest.

Vanquished Creatures
  An orc priest (D:3)
  4 adders
  An ooze (D:1)
  An adder skeleton (D:2)
  4 worms (D:2)
  5 dart slugs
  A giant gecko (D:3)
  2 orcs (D:3)
  2 ball pythons
  2 bats
  2 bat skeletons (D:2)
  A bat zombie (D:2)
  3 giant cockroaches
  2 goblins
  6 hobgoblins
  6 jackals (D:2)
  5 kobolds
  2 ball python zombies (D:2)
  2 giant gecko skeletons (D:2)
  A giant newt (D:1)
  A quokka zombie (D:2)
  6 rats
60 creatures vanquished.

Notes
Turn   | Place    | Note
--------------------------------------------------------------
     0 | D:1      | George the Hill Orc Fighter began the quest for the Orb.
     0 | D:1      | Reached XP level 1. HP: 19/19 MP: 1/1
   151 | D:1      | Reached XP level 2. HP: 27/27 MP: 2/2
   504 | D:1      | Reached XP level 3. HP: 33/33 MP: 3/3
  1183 | D:2      | Reached XP level 4. HP: 20/41 MP: 4/4
  1723 | D:2      | Found an opulent altar of Gozag.
  1724 | D:2      | Found an oddly glowing altar of Pakellas.
  1724 | D:2      | Found a sacrificial altar of Ru.
  1727 | D:2      | Found a shimmering altar of Xom.
  1729 | D:2      | Found a blossoming altar of Fedhas.
  1943 | D:3      | Reached XP level 5. HP: 46/47 MP: 5/5
  1975 | D:3      | Killed from afar by an orc priest

Vault maps used:
D:1:      dpeg_arrival_tiny_k
D:2:      minitemple, serial_undead, serial_undead_d, serial_undead_d,
          serial_undead_b, serial_undead_e, serial_undead_f, serial_undead_e,
          serial_undead_b
D:3:      minmay_misc_feat_columns, item_on_display_a, uniq_iyjb, uniq_grinder

Skill      XL: |  1  2  3  4  5 |
---------------+----------------+-----
Axes           | 3 4 |  4.3
Fighting       | 4 |  4.8
Armour         | 4 |  4.2
Shields        | 4 |  4.0

Action                   |  1- 3 |  4- 6 || total
-------------------------+-------+-------++-------
Melee: War axe           |    97 |    98 ||   195
  Eat: Chunk             |     1 |     3 ||     4
Armor: Scale mail        |     7 |       ||     7
       Chain mail        |    53 |    25 ||    78
Dodge: Dodged            |    22 |    18 ||    40
Block: Shield            |    58 |    49 ||   107
